[ PARTIDA AOE2 · #493379483 ]
UnrankedPortugueses vs Saracens
Equipo del jugador · DERR
[ ANÁLISIS DE REPETICIÓN · EXTRAÍDO DE LA PARTIDA GRABADA ]
Feudal
10:25
Castillos
14:54
Imperial
28:23
| APM promedio | 44.8 |
| APM pico | 96 |
| eAPM promedio | 23.7 |
| Aldeanos / militares | 84 / 18 |
Foco
⚔️ 35.5% · 🌾 64.5%
Organ Gun ×14 · Mangonel ×2 · Monk ×1 · Petard ×1
Feudal
8:54
Castillos
24:16
Imperial
—
| APM promedio | 35.7 |
| APM pico | 71 |
| eAPM promedio | 18.0 |
| Aldeanos / militares | 82 / 37 |
Foco
⚔️ 27.0% · 🌾 73.0%
Archer ×37
Feudal
11:01
Castillos
14:31
Imperial
28:58
| APM promedio | 64.4 |
| APM pico | 116 |
| eAPM promedio | 40.2 |
| Aldeanos / militares | 112 / 47 |
Foco
⚔️ 49.9% · 🌾 50.1%
Conquistador ×40 · Battering Ram ×6 · Missionary ×1
Feudal
11:04
Castillos
14:38
Imperial
—
| APM promedio | 25.4 |
| APM pico | 67 |
| eAPM promedio | 13.9 |
| Aldeanos / militares | 55 / 14 |
Foco
⚔️ 22.0% · 🌾 78.0%
Monk ×9 · Mangonel ×2 · Armored Elephant ×2 · Spearman ×1
Feudal
9:43
Castillos
—
Imperial
—
| APM promedio | 57.7 |
| APM pico | 200 |
| eAPM promedio | 24.8 |
| Aldeanos / militares | 70 / 0 |
Foco
⚔️ 20.1% · 🌾 79.9%
Feudal
11:53
Castillos
15:27
Imperial
24:09
| APM promedio | 44.1 |
| APM pico | 108 |
| eAPM promedio | 20.7 |
| Aldeanos / militares | 56 / 27 |
Foco
⚔️ 29.4% · 🌾 70.6%
Monk ×20 · Trebuchet (Packed) ×4 · Mangonel ×2 · Battering Ram ×1
Feudal
12:56
Castillos
16:31
Imperial
20:52
| APM promedio | 40.5 |
| APM pico | 92 |
| eAPM promedio | 15.0 |
| Aldeanos / militares | 57 / 30 |
Foco
⚔️ 23.7% · 🌾 76.3%
Hand Cannoneer ×24 · Bombard Cannon ×4 · Cavalry Archer ×2
Feudal
10:31
Castillos
14:21
Imperial
—
| APM promedio | 28.9 |
| APM pico | 55 |
| eAPM promedio | 19.2 |
| Aldeanos / militares | 91 / 43 |
Foco
⚔️ 38.9% · 🌾 61.1%
Scout Cavalry ×32 · Knight ×11
Mapa de la partida
Recursos iniciales + cada clic de construcción. Líneas = muros · curvas = relieve. ◆ oro · ⬟ piedra · ● bayas · ✦ reliquia · ◌ hueco del cierre
Tu base· ✓ Cerrada en 14:54 · 16t muro · 5 puerta(s)
Base de RogerRamjet· ✓ Cerrada en 24:16 · 0t muro · 2 puerta(s)
Base de wR.Prisma· ✓ Cerrada en 14:31 · 11t muro · 2 puerta(s)
Base de Failey· ✓ Cerrada en 14:38 · 0t muro · 3 puerta(s)
Base de DS_Uruguayo· ✓ Cerrada en 27:16 · 0t muro · 3 puerta(s)
Base de Mau5· ✓ Cerrada en 15:27 · 10t muro · 4 puerta(s)
Base de Bloodyhk· ✓ Cerrada en 16:31 · 0t muro · 6 puerta(s)
Base de PSX | DIBU MARTINEZ· ✓ Cerrada en 14:21 · 0t muro · 2 puerta(s)
Terreno inicial suavizado · ◌ = hueco del cierre detectado · pasá el cursor para detalles
Inputs por minuto
— PSX | Enzo Fernandez - - RogerRamjet
Build order — PSX | Enzo Fernandez
Primeras 150 de 181 acciones detectadas
| 0:01 | Crear | Villager (Male) |
| 0:02 | Construir | House |
| 0:03 | Construir | House |
| 0:07 | Crear | Villager (Male) |
| 0:09 | Crear | Villager (Male) |
| 0:12 | Crear | Villager (Male) |
| 0:12 | Crear | Villager (Male) |
| 1:15 | Construir | Palisade Gate |
| 1:25 | Construir | Palisade Wall |
| 1:28 | Construir | Palisade Wall |
| 1:30 | Construir | Palisade Wall |
| 1:33 | Construir | Palisade Wall |
| 1:34 | Construir | Palisade Wall |
| 1:37 | Construir | Palisade Wall |
| 1:40 | Construir | Palisade Wall |
| 1:44 | Construir | Palisade Wall |
| 1:48 | Construir | Palisade Wall |
| 1:49 | Crear | Villager (Male) |
| 1:49 | Crear | Villager (Male) |
| 1:52 | Construir | Palisade Wall |
| 1:57 | Construir | Palisade Wall |
| 2:00 | Construir | Palisade Gate |
| 2:02 | Construir | Palisade Wall |
| 2:05 | Crear | Villager (Male) |
| 2:06 | Crear | Villager (Male) |
| 2:06 | Crear | Villager (Male) |
| 2:23 | Crear | Villager (Male) |
| 2:24 | Crear | Villager (Male) |
| 2:24 | Crear | Villager (Male) |
| 3:03 | Crear | Villager (Male) |
| 3:03 | Crear | Villager (Male) |
| 3:03 | Crear | Villager (Male) |
| 3:03 | Crear | Villager (Male) |
| 3:42 | Construir | Mill |
| 3:48 | Crear | Villager (Male) |
| 3:48 | Crear | Villager (Male) |
| 3:48 | Crear | Villager (Male) |
| 4:20 | Construir | House |
| 4:23 | Crear | Villager (Male) |
| 4:23 | Crear | Villager (Male) |
| 4:23 | Crear | Villager (Male) |
| 4:24 | Crear | Villager (Male) |
| 4:30 | Crear | Villager (Male) |
| 4:30 | Crear | Villager (Male) |
| 4:31 | Crear | Villager (Male) |
| 4:46 | Crear | Villager (Male) |
| 4:46 | Crear | Villager (Male) |
| 4:47 | Crear | Villager (Male) |
| 4:59 | Crear | Villager (Male) |
| 4:59 | Crear | Villager (Male) |
| 4:59 | Crear | Villager (Male) |
| 5:17 | Crear | Villager (Male) |
| 5:17 | Crear | Villager (Male) |
| 5:17 | Crear | Villager (Male) |
| 5:17 | Crear | Villager (Male) |
| 5:49 | Crear | Villager (Male) |
| 6:06 | Crear | Villager (Male) |
| 6:06 | Crear | Villager (Male) |
| 6:06 | Crear | Villager (Male) |
| 6:27 | Construir | House |
| 6:31 | Construir | Lumber Camp |
| 6:32 | Crear | Villager (Male) |
| 6:42 | Crear | Villager (Male) |
| 7:50 | Crear | Villager (Male) |
| 7:55 | Construir | Mining Camp |
| 8:15 | Investigar | Feudal Age |
| 8:15 | Investigar | Feudal Age |
| 8:35 | Construir | Mining Camp |
| 8:38 | Crear | Villager (Male) |
| 9:08 | Construir | Farm |
| 9:13 | Crear | Villager (Male) |
| 10:25 | Edad | Edad Feudal |
| 10:30 | Construir | Market |
| 10:40 | Crear | Villager (Male) |
| 10:51 | Crear | Villager (Male) |
| 11:05 | Construir | Blacksmith |
| 11:07 | Crear | Villager (Male) |
| 11:10 | Construir | Palisade Wall |
| 11:10 | Construir | Palisade Wall |
| 11:21 | Investigar | Loom |
| 11:54 | Construir | House |
| 12:14 | Investigar | Castle Age |
| 12:14 | Investigar | Castle Age |
| 12:14 | Investigar | Castle Age |
| 12:36 | Crear | Villager (Male) |
| 12:47 | Construir | Stone Wall |
| 13:18 | Investigar | Double-Bit Axe |
| 13:54 | Crear | Villager (Male) |
| 14:54 | Edad | Edad de los Castillos |
| 14:59 | Construir | Castle |
| 15:08 | Crear | Villager (Male) |
| 16:12 | Crear | Organ Gun |
| 16:12 | Crear | Organ Gun |
| 16:18 | Crear | Villager (Male) |
| 16:19 | Crear | Villager (Male) |
| 16:20 | Crear | Villager (Male) |
| 16:44 | Crear | Organ Gun |
| 16:47 | Construir | Farm |
| 17:02 | Crear | Organ Gun |
| 17:16 | Crear | Organ Gun |
| 17:16 | Crear | Organ Gun |
| 17:16 | Crear | Villager (Male) |
| 17:16 | Crear | Villager (Male) |
| 17:17 | Crear | Villager (Male) |
| 17:20 | Construir | Farm |
| 17:44 | Crear | Organ Gun |
| 17:44 | Crear | Villager (Male) |
| 17:45 | Crear | Villager (Male) |
| 17:45 | Crear | Villager (Male) |
| 17:52 | Crear | Villager (Male) |
| 18:04 | Crear | Petard |
| 18:15 | Construir | Farm |
| 18:40 | Construir | Monastery |
| 18:42 | Crear | Villager (Male) |
| 18:50 | Construir | Siege Workshop |
| 18:59 | Construir | Farm |
| 19:00 | Crear | Villager (Male) |
| 19:00 | Crear | Villager (Male) |
| 19:03 | Crear | Villager (Male) |
| 19:14 | Crear | Villager (Male) |
| 19:14 | Crear | Villager (Male) |
| 19:29 | Construir | House |
| 19:29 | Construir | House |
| 19:41 | Crear | Mangonel |
| 19:50 | Construir | Monastery |
| 19:54 | Crear | Villager (Male) |
| 19:54 | Crear | Villager (Male) |
| 19:57 | Crear | Villager (Male) |
| 19:57 | Crear | Villager (Male) |
| 20:18 | Construir | Farm |
| 20:19 | Crear | Villager (Male) |
| 20:20 | Crear | Villager (Male) |
| 20:27 | Crear | Monk |
| 20:47 | Construir | Farm |
| 21:41 | Crear | Organ Gun |
| 21:41 | Crear | Organ Gun |
| 21:50 | Construir | Farm |
| 22:01 | Construir | House |
| 22:03 | Crear | Organ Gun |
| 22:03 | Crear | Organ Gun |
| 22:06 | Construir | Farm |
| 22:09 | Crear | Villager (Male) |
| 22:09 | Crear | Villager (Male) |
| 22:22 | Crear | Villager (Male) |
| 22:24 | Crear | Villager (Male) |
| 22:29 | Crear | Organ Gun |
| 22:33 | Crear | Villager (Male) |
| 22:39 | Construir | House |
| 22:45 | Crear | Villager (Male) |
| 22:49 | Construir | Farm |
Build order — RogerRamjet
Primeras 150 de 201 acciones detectadas
| 0:00 | Crear | Villager (Male) |
| 0:02 | Construir | House |
| 0:02 | Crear | Villager (Male) |
| 0:02 | Crear | Villager (Male) |
| 0:03 | Construir | House |
| 0:03 | Crear | Villager (Male) |
| 1:26 | Crear | Villager (Male) |
| 1:52 | Crear | Villager (Male) |
| 1:52 | Crear | Villager (Male) |
| 2:13 | Crear | Villager (Male) |
| 2:14 | Crear | Villager (Male) |
| 2:15 | Construir | Lumber Camp |
| 2:45 | Crear | Villager (Male) |
| 2:58 | Crear | Villager (Male) |
| 2:58 | Crear | Villager (Male) |
| 3:43 | Crear | Villager (Male) |
| 3:44 | Crear | Villager (Male) |
| 3:44 | Crear | Villager (Male) |
| 4:11 | Crear | Villager (Male) |
| 4:33 | Construir | House |
| 4:35 | Investigar | Loom |
| 4:39 | Investigar | Loom |
| 5:00 | Crear | Villager (Male) |
| 5:02 | Crear | Villager (Male) |
| 5:39 | Construir | Mill |
| 5:46 | Crear | Villager (Male) |
| 6:05 | Crear | Villager (Male) |
| 6:36 | Construir | House |
| 6:41 | Investigar | Feudal Age |
| 7:59 | Construir | Barracks |
| 8:35 | Crear | Villager (Male) |
| 8:54 | Edad | Edad Feudal |
| 8:58 | Construir | Watch Tower |
| 9:01 | Crear | Villager (Male) |
| 9:16 | Construir | Archery Range |
| 9:21 | Crear | Villager (Male) |
| 9:43 | Construir | Mining Camp |
| 9:56 | Crear | Villager (Male) |
| 9:59 | Investigar | Double-Bit Axe |
| 10:11 | Crear | Archer |
| 10:14 | Crear | Villager (Male) |
| 10:34 | Construir | House |
| 10:40 | Crear | Villager (Male) |
| 10:51 | Crear | Villager (Male) |
| 10:52 | Crear | Villager (Male) |
| 10:55 | Crear | Villager (Male) |
| 10:56 | Crear | Villager (Male) |
| 10:58 | Crear | Archer |
| 11:04 | Construir | Farm |
| 11:04 | Construir | Farm |
| 11:29 | Crear | Villager (Male) |
| 11:31 | Crear | Villager (Male) |
| 11:52 | Crear | Villager (Male) |
| 11:52 | Crear | Villager (Male) |
| 12:15 | Construir | Archery Range |
| 12:23 | Construir | House |
| 12:32 | Crear | Villager (Male) |
| 12:32 | Crear | Villager (Male) |
| 12:32 | Crear | Villager (Male) |
| 12:44 | Crear | Archer |
| 12:44 | Crear | Archer |
| 12:46 | Construir | House |
| 12:58 | Crear | Archer |
| 12:58 | Crear | Archer |
| 13:06 | Construir | Outpost |
| 13:09 | Crear | Villager (Male) |
| 13:15 | Crear | Archer |
| 13:18 | Crear | Villager (Male) |
| 13:44 | Construir | Mining Camp |
| 13:56 | Crear | Villager (Male) |
| 14:00 | Crear | Archer |
| 14:10 | Crear | Villager (Male) |
| 14:12 | Crear | Villager (Male) |
| 14:12 | Crear | Villager (Male) |
| 14:14 | Construir | House |
| 14:20 | Crear | Archer |
| 14:54 | Construir | Blacksmith |
| 15:00 | Crear | Villager (Male) |
| 15:01 | Crear | Villager (Male) |
| 15:46 | Crear | Villager (Male) |
| 16:04 | Construir | Market |
| 16:10 | Crear | Archer |
| 16:10 | Crear | Archer |
| 16:10 | Crear | Archer |
| 16:11 | Crear | Archer |
| 16:15 | Construir | House |
| 16:18 | Investigar | Wheelbarrow |
| 16:34 | Construir | Lumber Camp |
| 17:00 | Construir | Farm |
| 17:07 | Construir | Farm |
| 17:18 | Crear | Villager (Male) |
| 17:33 | Construir | House |
| 17:47 | Crear | Archer |
| 17:54 | Crear | Villager (Male) |
| 17:55 | Construir | Farm |
| 17:57 | Construir | Farm |
| 17:58 | Construir | Farm |
| 17:58 | Crear | Villager (Male) |
| 18:15 | Construir | House |
| 18:19 | Crear | Archer |
| 18:25 | Construir | Farm |
| 18:25 | Crear | Villager (Male) |
| 18:39 | Crear | Villager (Male) |
| 18:44 | Crear | Archer |
| 18:45 | Crear | Archer |
| 18:49 | Construir | Stable |
| 19:03 | Crear | Villager (Male) |
| 19:22 | Construir | Farm |
| 19:23 | Construir | Farm |
| 19:24 | Crear | Villager (Male) |
| 19:35 | Investigar | Horse Collar |
| 19:35 | Investigar | Horse Collar |
| 19:58 | Construir | House |
| 20:02 | Construir | Farm |
| 20:08 | Construir | Farm |
| 20:08 | Construir | Farm |
| 20:08 | Construir | Farm |
| 20:09 | Construir | Farm |
| 20:22 | Crear | Archer |
| 20:23 | Crear | Archer |
| 20:25 | Construir | Farm |
| 20:28 | Crear | Villager (Male) |
| 20:49 | Construir | Farm |
| 20:50 | Construir | Farm |
| 21:14 | Construir | Farm |
| 21:15 | Construir | Farm |
| 21:35 | Construir | House |
| 21:36 | Investigar | Castle Age |
| 22:02 | Construir | Farm |
| 22:06 | Crear | Archer |
| 22:07 | Investigar | Fletching |
| 22:12 | Construir | House |
| 22:15 | Crear | Villager (Male) |
| 22:15 | Crear | Villager (Male) |
| 22:37 | Crear | Archer |
| 22:43 | Construir | House |
| 23:06 | Crear | Archer |
| 23:07 | Crear | Archer |
| 23:25 | Construir | House |
| 23:29 | Crear | Archer |
| 24:16 | Edad | Edad de los Castillos |
| 24:17 | Construir | House |
| 24:20 | Investigar | Bodkin Arrow |
| 24:21 | Investigar | Crossbowman (upgrade) |
| 24:21 | Investigar | Crossbowman (upgrade) |
| 24:24 | Investigar | Thumb Ring |
| 24:24 | Investigar | Thumb Ring |
| 24:39 | Crear | Archer |
| 24:42 | Crear | Villager (Male) |
| 24:42 | Crear | Villager (Male) |
Build order — wR.Prisma
Primeras 150 de 293 acciones detectadas
| 0:02 | Crear | Villager (Male) |
| 0:03 | Construir | House |
| 0:05 | Construir | House |
| 0:20 | Crear | Villager (Male) |
| 0:22 | Crear | Villager (Male) |
| 0:44 | Crear | Villager (Male) |
| 0:59 | Construir | Palisade Gate |
| 1:01 | Construir | Palisade Wall |
| 1:02 | Construir | Palisade Wall |
| 1:25 | Construir | Palisade Wall |
| 1:28 | Crear | Villager (Male) |
| 1:45 | Construir | Palisade Wall |
| 2:00 | Crear | Villager (Male) |
| 2:36 | Crear | Villager (Male) |
| 2:49 | Crear | Villager (Male) |
| 3:08 | Construir | Lumber Camp |
| 3:13 | Crear | Villager (Male) |
| 3:37 | Crear | Villager (Male) |
| 3:55 | Construir | House |
| 3:56 | Construir | House |
| 4:08 | Crear | Villager (Male) |
| 4:24 | Crear | Villager (Male) |
| 4:37 | Crear | Villager (Male) |
| 4:56 | Crear | Villager (Male) |
| 5:08 | Construir | Mill |
| 5:14 | Crear | Villager (Male) |
| 5:18 | Crear | Villager (Male) |
| 5:27 | Crear | Villager (Male) |
| 5:47 | Crear | Villager (Male) |
| 5:51 | Crear | Villager (Male) |
| 6:19 | Crear | Villager (Male) |
| 6:59 | Construir | Farm |
| 7:03 | Construir | Farm |
| 7:08 | Crear | Villager (Male) |
| 7:19 | Crear | Villager (Male) |
| 7:24 | Crear | Villager (Male) |
| 7:31 | Crear | Villager (Male) |
| 7:45 | Construir | Farm |
| 7:56 | Crear | Villager (Male) |
| 8:00 | Crear | Villager (Male) |
| 8:30 | Construir | Mining Camp |
| 8:42 | Investigar | Feudal Age |
| 8:42 | Investigar | Feudal Age |
| 9:08 | Construir | House |
| 9:08 | Crear | Villager (Male) |
| 9:44 | Crear | Villager (Male) |
| 9:57 | Crear | Villager (Male) |
| 10:37 | Crear | Villager (Male) |
| 10:51 | Crear | Villager (Male) |
| 11:01 | Edad | Edad Feudal |
| 11:03 | Construir | Market |
| 11:04 | Construir | Blacksmith |
| 11:06 | Investigar | Double-Bit Axe |
| 11:15 | Investigar | Horse Collar |
| 11:16 | Crear | Villager (Male) |
| 11:25 | Crear | Villager (Male) |
| 11:27 | Construir | Mining Camp |
| 11:40 | Investigar | Castle Age |
| 11:41 | Investigar | Castle Age |
| 11:43 | Investigar | Castle Age |
| 11:43 | Investigar | Castle Age |
| 12:02 | Investigar | Horse Collar |
| 12:03 | Investigar | Horse Collar |
| 12:22 | Investigar | Stone Mining |
| 12:22 | Investigar | Stone Mining |
| 13:25 | Investigar | Gold Mining |
| 14:20 | Crear | Villager (Male) |
| 14:22 | Investigar | Loom |
| 14:31 | Edad | Edad de los Castillos |
| 14:33 | Investigar | Bow Saw |
| 14:34 | Crear | Villager (Male) |
| 14:35 | Construir | Town Center |
| 14:44 | Construir | Castle |
| 14:50 | Construir | Castle |
| 14:51 | Crear | Villager (Male) |
| 15:02 | Crear | Villager (Male) |
| 15:08 | Construir | Mining Camp |
| 15:09 | Crear | Villager (Male) |
| 15:17 | Construir | Town Center |
| 15:34 | Crear | Villager (Male) |
| 15:45 | Crear | Villager (Male) |
| 15:53 | Crear | Villager (Male) |
| 15:55 | Crear | Conquistador |
| 15:55 | Crear | Conquistador |
| 16:00 | Crear | Villager (Male) |
| 16:03 | Crear | Villager (Male) |
| 16:07 | Construir | Monastery |
| 16:13 | Crear | Villager (Male) |
| 16:18 | Crear | Villager (Male) |
| 16:23 | Crear | Villager (Male) |
| 16:34 | Construir | Farm |
| 16:36 | Construir | Farm |
| 16:36 | Construir | Farm |
| 16:38 | Construir | Farm |
| 16:39 | Crear | Conquistador |
| 16:40 | Crear | Villager (Male) |
| 16:45 | Crear | Villager (Male) |
| 16:57 | Crear | Missionary |
| 17:10 | Crear | Villager (Male) |
| 17:10 | Crear | Villager (Male) |
| 17:22 | Crear | Conquistador |
| 17:28 | Crear | Villager (Male) |
| 17:43 | Crear | Conquistador |
| 18:02 | Crear | Villager (Male) |
| 18:04 | Crear | Conquistador |
| 18:04 | Crear | Conquistador |
| 18:14 | Construir | Siege Workshop |
| 18:16 | Crear | Villager (Male) |
| 18:21 | Crear | Villager (Male) |
| 18:23 | Crear | Conquistador |
| 18:24 | Crear | Villager (Male) |
| 18:32 | Crear | Villager (Male) |
| 18:33 | Crear | Villager (Male) |
| 18:35 | Crear | Villager (Male) |
| 18:36 | Construir | Farm |
| 18:36 | Construir | Farm |
| 18:37 | Construir | Farm |
| 18:37 | Crear | Battering Ram |
| 18:42 | Construir | House |
| 18:44 | Construir | Farm |
| 18:45 | Crear | Villager (Male) |
| 18:51 | Investigar | Devotion |
| 18:53 | Crear | Villager (Male) |
| 19:04 | Crear | Villager (Male) |
| 19:11 | Crear | Battering Ram |
| 19:12 | Crear | Villager (Male) |
| 19:13 | Investigar | Padded Archer Armor |
| 19:32 | Crear | Conquistador |
| 19:47 | Crear | Battering Ram |
| 19:49 | Crear | Villager (Male) |
| 19:54 | Construir | Barracks |
| 20:01 | Crear | Villager (Male) |
| 20:09 | Investigar | Wheelbarrow |
| 20:09 | Investigar | Wheelbarrow |
| 20:12 | Construir | House |
| 20:13 | Construir | House |
| 20:15 | Construir | Farm |
| 20:16 | Construir | Farm |
| 20:24 | Crear | Villager (Male) |
| 20:32 | Crear | Battering Ram |
| 20:32 | Crear | Villager (Male) |
| 20:34 | Crear | Villager (Male) |
| 20:38 | Investigar | Heavy Plow |
| 20:39 | Investigar | Heavy Plow |
| 20:53 | Crear | Conquistador |
| 20:53 | Crear | Conquistador |
| 20:56 | Crear | Villager (Male) |
| 20:59 | Investigar | Leather Archer Armor |
| 21:00 | Crear | Villager (Male) |
| 21:12 | Crear | Villager (Male) |
Build order — Failey
126 acciones detectadas en el replay
| 0:03 | Crear | Villager (Male) |
| 0:03 | Crear | Villager (Male) |
| 0:04 | Construir | House |
| 0:05 | Construir | House |
| 0:05 | Crear | Villager (Male) |
| 0:10 | Crear | Villager (Male) |
| 1:28 | Construir | Lumber Camp |
| 1:30 | Crear | Villager (Male) |
| 1:30 | Crear | Villager (Male) |
| 1:57 | Crear | Villager (Male) |
| 2:39 | Crear | Villager (Male) |
| 2:41 | Crear | Villager (Male) |
| 2:41 | Crear | Villager (Male) |
| 3:01 | Crear | Villager (Male) |
| 3:02 | Crear | Villager (Male) |
| 3:27 | Crear | Villager (Male) |
| 3:34 | Construir | House |
| 4:15 | Crear | Villager (Male) |
| 4:15 | Crear | Villager (Male) |
| 4:16 | Crear | Villager (Male) |
| 4:19 | Crear | Villager (Male) |
| 4:20 | Crear | Villager (Male) |
| 4:27 | Construir | Mill |
| 5:17 | Crear | Villager (Male) |
| 5:18 | Crear | Villager (Male) |
| 5:18 | Crear | Villager (Male) |
| 5:18 | Crear | Villager (Male) |
| 5:20 | Crear | Villager (Male) |
| 5:20 | Crear | Villager (Male) |
| 5:48 | Crear | Villager (Male) |
| 5:56 | Crear | Villager (Male) |
| 5:57 | Crear | Villager (Male) |
| 6:03 | Construir | House |
| 6:26 | Construir | Farm |
| 6:37 | Construir | Farm |
| 6:54 | Construir | Farm |
| 6:56 | Crear | Villager (Male) |
| 7:47 | Crear | Villager (Male) |
| 8:33 | Construir | House |
| 8:51 | Investigar | Feudal Age |
| 9:05 | Construir | Mining Camp |
| 10:21 | Crear | Villager (Male) |
| 10:22 | Crear | Villager (Male) |
| 11:04 | Edad | Edad Feudal |
| 11:06 | Construir | Blacksmith |
| 11:10 | Construir | Market |
| 11:58 | Investigar | Castle Age |
| 11:58 | Investigar | Castle Age |
| 12:42 | Construir | House |
| 12:50 | Investigar | Double-Bit Axe |
| 13:10 | Investigar | Horse Collar |
| 14:25 | Crear | Villager (Male) |
| 14:38 | Edad | Edad de los Castillos |
| 14:43 | Construir | Monastery |
| 14:46 | Construir | Monastery |
| 14:52 | Construir | Siege Workshop |
| 14:54 | Crear | Villager (Male) |
| 15:06 | Investigar | Bow Saw |
| 15:11 | Construir | House |
| 15:14 | Crear | Villager (Male) |
| 15:21 | Construir | Farm |
| 15:29 | Crear | Monk |
| 15:30 | Crear | Monk |
| 15:33 | Construir | Palisade Wall |
| 15:34 | Construir | Palisade Wall |
| 15:35 | Construir | Palisade Wall |
| 15:42 | Investigar | Sanctity |
| 15:42 | Crear | Villager (Male) |
| 15:47 | Construir | Farm |
| 16:14 | Construir | Farm |
| 16:16 | Construir | Farm |
| 16:30 | Construir | House |
| 16:30 | Crear | Armored Elephant |
| 16:30 | Crear | Armored Elephant |
| 16:47 | Crear | Villager (Male) |
| 16:55 | Construir | Farm |
| 16:57 | Construir | Farm |
| 16:59 | Construir | Farm |
| 17:04 | Construir | House |
| 17:07 | Crear | Villager (Male) |
| 17:09 | Investigar | Gold Mining |
| 17:16 | Construir | House |
| 17:24 | Crear | Villager (Male) |
| 17:34 | Construir | House |
| 17:38 | Crear | Monk |
| 17:38 | Crear | Monk |
| 17:40 | Crear | Villager (Male) |
| 17:54 | Construir | House |
| 18:05 | Crear | Villager (Male) |
| 18:09 | Crear | Villager (Male) |
| 18:24 | Construir | Town Center |
| 18:29 | Crear | Monk |
| 18:30 | Crear | Monk |
| 18:36 | Crear | Villager (Male) |
| 18:44 | Crear | Villager (Male) |
| 18:49 | Construir | Barracks |
| 19:15 | Crear | Villager (Male) |
| 19:20 | Crear | Monk |
| 19:29 | Construir | Farm |
| 19:30 | Construir | Farm |
| 19:36 | Crear | Monk |
| 19:36 | Crear | Monk |
| 19:48 | Crear | Villager (Male) |
| 19:53 | Investigar | Loom |
| 19:53 | Crear | Villager (Male) |
| 20:04 | Construir | Mining Camp |
| 20:28 | Crear | Villager (Male) |
| 20:28 | Crear | Villager (Male) |
| 20:40 | Construir | Lumber Camp |
| 20:55 | Crear | Villager (Male) |
| 20:55 | Crear | Villager (Male) |
| 20:56 | Crear | Villager (Male) |
| 21:17 | Crear | Villager (Male) |
| 21:31 | Construir | Siege Workshop |
| 21:44 | Crear | Villager (Male) |
| 21:55 | Construir | Mining Camp |
| 21:57 | Crear | Villager (Male) |
| 21:58 | Crear | Villager (Male) |
| 22:42 | Construir | Lumber Camp |
| 22:59 | Crear | Mangonel |
| 22:59 | Crear | Mangonel |
| 23:03 | Construir | House |
| 25:14 | Construir | Lumber Camp |
| 27:34 | Construir | Town Center |
| 28:07 | Crear | Spearman |
| 29:02 | Construir | Monastery |
Build order — DS_Uruguayo
Primeras 150 de 167 acciones detectadas
| 0:01 | Crear | Villager (Male) |
| 0:02 | Crear | Villager (Male) |
| 0:03 | Construir | House |
| 0:04 | Construir | House |
| 0:32 | Crear | Villager (Male) |
| 0:32 | Crear | Villager (Male) |
| 0:32 | Crear | Villager (Male) |
| 1:30 | Crear | Villager (Male) |
| 1:30 | Crear | Villager (Male) |
| 1:30 | Crear | Villager (Male) |
| 1:48 | Construir | Lumber Camp |
| 2:02 | Crear | Villager (Male) |
| 2:03 | Crear | Villager (Male) |
| 2:27 | Crear | Villager (Male) |
| 2:33 | Crear | Villager (Male) |
| 3:10 | Crear | Villager (Male) |
| 3:10 | Crear | Villager (Male) |
| 3:48 | Crear | Villager (Male) |
| 3:48 | Crear | Villager (Male) |
| 3:48 | Crear | Villager (Male) |
| 3:48 | Crear | Villager (Male) |
| 3:51 | Construir | House |
| 4:21 | Construir | Mill |
| 4:33 | Investigar | Double-Bit Axe |
| 4:33 | Investigar | Double-Bit Axe |
| 4:36 | Crear | Villager (Male) |
| 4:51 | Crear | Villager (Male) |
| 5:10 | Crear | Villager (Male) |
| 5:15 | Construir | House |
| 5:28 | Crear | Villager (Male) |
| 5:52 | Crear | Villager (Male) |
| 5:53 | Crear | Villager (Male) |
| 5:53 | Crear | Villager (Male) |
| 5:54 | Crear | Villager (Male) |
| 7:30 | Investigar | Feudal Age |
| 7:30 | Investigar | Feudal Age |
| 8:38 | Construir | Mill |
| 8:55 | Construir | House |
| 9:05 | Construir | House |
| 9:10 | Crear | Villager (Male) |
| 9:33 | Construir | House |
| 9:43 | Edad | Edad Feudal |
| 9:47 | Construir | Market |
| 9:53 | Investigar | Bow Saw |
| 10:03 | Crear | Villager (Male) |
| 10:12 | Crear | Villager (Male) |
| 10:17 | Construir | Farm |
| 10:51 | Construir | Farm |
| 10:51 | Construir | Farm |
| 10:54 | Construir | Farm |
| 10:55 | Construir | Farm |
| 10:59 | Construir | Farm |
| 11:03 | Crear | Villager (Male) |
| 11:03 | Crear | Villager (Male) |
| 11:04 | Crear | Villager (Male) |
| 11:08 | Construir | Farm |
| 11:15 | Construir | Farm |
| 11:20 | Crear | Villager (Male) |
| 11:34 | Construir | Farm |
| 11:44 | Investigar | Horse Collar |
| 11:45 | Investigar | Horse Collar |
| 11:46 | Crear | Villager (Male) |
| 11:46 | Crear | Villager (Male) |
| 12:12 | Construir | Farm |
| 12:20 | Construir | Farm |
| 12:20 | Crear | Villager (Male) |
| 12:30 | Crear | Villager (Male) |
| 12:32 | Construir | Farm |
| 12:50 | Construir | Farm |
| 13:11 | Construir | Mining Camp |
| 13:13 | Crear | Villager (Male) |
| 13:14 | Crear | Villager (Male) |
| 13:44 | Crear | Villager (Male) |
| 13:49 | Construir | Farm |
| 13:55 | Construir | Farm |
| 14:22 | Construir | Farm |
| 14:33 | Crear | Villager (Male) |
| 14:37 | Construir | Farm |
| 14:47 | Investigar | Gold Mining |
| 15:07 | Crear | Villager (Male) |
| 15:07 | Crear | Villager (Male) |
| 15:08 | Crear | Villager (Male) |
| 15:16 | Construir | Lumber Camp |
| 15:34 | Investigar | Loom |
| 15:34 | Crear | Villager (Male) |
| 15:38 | Construir | Farm |
| 15:54 | Crear | Villager (Male) |
| 16:05 | Crear | Villager (Male) |
| 16:18 | Investigar | Heavy Plow |
| 16:27 | Crear | Villager (Male) |
| 16:48 | Construir | Farm |
| 16:54 | Construir | House |
| 16:55 | Construir | House |
| 16:56 | Construir | House |
| 16:58 | Construir | House |
| 17:08 | Crear | Villager (Male) |
| 17:17 | Construir | Farm |
| 17:31 | Construir | Farm |
| 17:33 | Construir | Farm |
| 17:35 | Crear | Villager (Male) |
| 17:44 | Construir | Farm |
| 17:44 | Construir | Farm |
| 18:11 | Crear | Villager (Male) |
| 18:35 | Crear | Villager (Male) |
| 18:52 | Crear | Villager (Male) |
| 18:58 | Construir | House |
| 18:59 | Construir | House |
| 19:02 | Construir | House |
| 19:03 | Construir | House |
| 19:03 | Construir | House |
| 19:11 | Construir | Farm |
| 19:18 | Crear | Villager (Male) |
| 19:26 | Construir | Farm |
| 19:28 | Construir | Farm |
| 19:30 | Construir | Farm |
| 19:34 | Construir | Farm |
| 19:36 | Construir | Farm |
| 19:47 | Crear | Villager (Male) |
| 19:47 | Crear | Villager (Male) |
| 20:00 | Construir | Farm |
| 20:33 | Crear | Villager (Male) |
| 20:36 | Construir | Farm |
| 20:38 | Investigar | Gold Shaft Mining |
| 20:39 | Investigar | Stone Mining |
| 20:48 | Crear | Villager (Male) |
| 20:53 | Construir | House |
| 20:54 | Construir | House |
| 21:00 | Construir | Farm |
| 21:01 | Crear | Villager (Male) |
| 21:08 | Investigar | Wheelbarrow |
| 21:21 | Investigar | Town Watch |
| 22:05 | Crear | Villager (Male) |
| 22:05 | Crear | Villager (Male) |
| 22:12 | Construir | House |
| 22:12 | Construir | House |
| 22:12 | Construir | House |
| 22:13 | Construir | House |
| 22:28 | Construir | Farm |
| 22:30 | Construir | Farm |
| 22:34 | Investigar | Hand Cart |
| 23:07 | Crear | Villager (Male) |
| 23:34 | Crear | Villager (Male) |
| 23:37 | Construir | House |
| 23:38 | Construir | House |
| 23:41 | Construir | Farm |
| 23:50 | Construir | Farm |
| 24:18 | Crear | Villager (Male) |
| 24:18 | Crear | Villager (Male) |
| 24:56 | Construir | Farm |
| 24:57 | Construir | Farm |
Build order — Mau5
Primeras 150 de 176 acciones detectadas
| 0:01 | Crear | Villager (Male) |
| 0:01 | Crear | Villager (Male) |
| 0:01 | Crear | Villager (Male) |
| 0:02 | Construir | House |
| 0:04 | Construir | House |
| 0:12 | Crear | Villager (Male) |
| 0:12 | Crear | Villager (Male) |
| 1:23 | Crear | Villager (Male) |
| 1:24 | Crear | Villager (Male) |
| 1:44 | Construir | Lumber Camp |
| 2:12 | Crear | Villager (Male) |
| 2:13 | Crear | Villager (Male) |
| 2:13 | Crear | Villager (Male) |
| 2:13 | Crear | Villager (Male) |
| 2:54 | Crear | Villager (Male) |
| 2:55 | Crear | Villager (Male) |
| 2:55 | Crear | Villager (Male) |
| 3:42 | Crear | Villager (Male) |
| 3:42 | Crear | Villager (Male) |
| 3:43 | Crear | Villager (Male) |
| 3:56 | Construir | House |
| 3:58 | Crear | Villager (Male) |
| 3:58 | Crear | Villager (Male) |
| 4:14 | Construir | Palisade Gate |
| 4:24 | Construir | Palisade Gate |
| 4:29 | Crear | Villager (Male) |
| 4:29 | Crear | Villager (Male) |
| 4:46 | Construir | Palisade Wall |
| 4:48 | Construir | Palisade Wall |
| 4:49 | Construir | Palisade Wall |
| 4:53 | Construir | Palisade Wall |
| 4:56 | Crear | Villager (Male) |
| 4:57 | Crear | Villager (Male) |
| 4:59 | Construir | Mill |
| 5:10 | Construir | Palisade Wall |
| 5:13 | Construir | Palisade Wall |
| 5:16 | Crear | Villager (Male) |
| 5:19 | Construir | Palisade Wall |
| 5:31 | Crear | Villager (Male) |
| 6:06 | Construir | House |
| 6:07 | Construir | House |
| 6:08 | Construir | House |
| 6:39 | Crear | Villager (Male) |
| 7:07 | Crear | Villager (Male) |
| 7:31 | Crear | Villager (Male) |
| 7:39 | Construir | House |
| 8:02 | Crear | Villager (Male) |
| 8:02 | Crear | Villager (Male) |
| 8:06 | Construir | Lumber Camp |
| 8:17 | Crear | Villager (Male) |
| 8:27 | Construir | Mining Camp |
| 8:32 | Crear | Villager (Male) |
| 8:57 | Construir | Farm |
| 9:14 | Construir | Farm |
| 9:24 | Construir | Farm |
| 9:43 | Investigar | Feudal Age |
| 9:44 | Investigar | Feudal Age |
| 9:47 | Construir | Farm |
| 9:57 | Construir | Palisade Wall |
| 9:59 | Construir | Palisade Wall |
| 10:02 | Construir | Palisade Wall |
| 10:25 | Crear | Villager (Male) |
| 10:26 | Crear | Villager (Male) |
| 11:53 | Edad | Edad Feudal |
| 11:57 | Construir | Market |
| 11:59 | Construir | Blacksmith |
| 12:47 | Investigar | Castle Age |
| 12:48 | Investigar | Castle Age |
| 13:31 | Investigar | Double-Bit Axe |
| 13:31 | Investigar | Double-Bit Axe |
| 13:33 | Investigar | Horse Collar |
| 13:35 | Crear | Villager (Male) |
| 13:40 | Construir | House |
| 14:03 | Crear | Villager (Male) |
| 14:08 | Construir | House |
| 14:17 | Crear | Villager (Male) |
| 14:27 | Investigar | Gold Mining |
| 14:27 | Investigar | Gold Mining |
| 15:27 | Edad | Edad de los Castillos |
| 15:32 | Crear | Villager (Male) |
| 15:42 | Construir | Monastery |
| 15:48 | Construir | Monastery |
| 15:50 | Crear | Villager (Male) |
| 15:56 | Construir | Mining Camp |
| 15:58 | Crear | Villager (Male) |
| 16:05 | Crear | Villager (Male) |
| 16:14 | Construir | Siege Workshop |
| 16:19 | Crear | Villager (Male) |
| 16:24 | Crear | Villager (Male) |
| 16:28 | Investigar | Sanctity |
| 16:28 | Crear | Monk |
| 16:40 | Construir | House |
| 16:41 | Construir | House |
| 16:42 | Construir | House |
| 16:46 | Crear | Villager (Male) |
| 17:11 | Crear | Battering Ram |
| 17:13 | Crear | Mangonel |
| 17:29 | Crear | Villager (Male) |
| 17:32 | Construir | Farm |
| 17:35 | Construir | Farm |
| 17:38 | Construir | Farm |
| 17:39 | Construir | Farm |
| 17:39 | Construir | Farm |
| 17:42 | Construir | Farm |
| 18:15 | Crear | Villager (Male) |
| 18:17 | Crear | Monk |
| 18:44 | Crear | Villager (Male) |
| 18:44 | Construir | Farm |
| 18:45 | Construir | Farm |
| 19:01 | Crear | Villager (Male) |
| 19:04 | Construir | Farm |
| 19:17 | Construir | Farm |
| 19:29 | Construir | Farm |
| 19:48 | Crear | Villager (Male) |
| 19:54 | Construir | House |
| 20:02 | Construir | Farm |
| 20:34 | Crear | Villager (Male) |
| 20:36 | Construir | Farm |
| 20:55 | Investigar | Imperial Age |
| 20:55 | Investigar | Imperial Age |
| 20:55 | Investigar | Imperial Age |
| 20:56 | Investigar | Imperial Age |
| 21:16 | Construir | Castle |
| 21:34 | Crear | Monk |
| 22:06 | Crear | Mangonel |
| 22:13 | Crear | Monk |
| 22:27 | Crear | Villager (Male) |
| 22:30 | Construir | Mining Camp |
| 22:32 | Crear | Villager (Male) |
| 22:36 | Investigar | Gold Shaft Mining |
| 22:37 | Investigar | Gold Shaft Mining |
| 22:38 | Crear | Villager (Male) |
| 22:42 | Construir | House |
| 22:42 | Construir | House |
| 22:42 | Construir | House |
| 22:42 | Construir | House |
| 22:42 | Construir | House |
| 22:43 | Construir | House |
| 22:43 | Construir | House |
| 23:10 | Investigar | Fervor |
| 23:15 | Construir | Monastery |
| 24:09 | Edad | Edad Imperial |
| 24:14 | Investigar | Block Printing |
| 24:23 | Crear | Villager (Male) |
| 24:38 | Investigar | Illumination |
| 24:43 | Investigar | Theocracy |
| 24:54 | Crear | Trebuchet (Packed) |
| 24:54 | Crear | Trebuchet (Packed) |
| 25:37 | Crear | Villager (Male) |
| 25:38 | Crear | Monk |
Build order — Bloodyhk
Primeras 150 de 162 acciones detectadas
| 0:01 | Crear | Villager (Male) |
| 0:01 | Crear | Villager (Male) |
| 0:01 | Crear | Villager (Male) |
| 0:02 | Construir | House |
| 0:04 | Construir | House |
| 0:15 | Crear | Villager (Male) |
| 0:15 | Crear | Villager (Male) |
| 1:31 | Crear | Villager (Male) |
| 1:31 | Crear | Villager (Male) |
| 1:31 | Crear | Villager (Male) |
| 2:01 | Crear | Villager (Male) |
| 2:01 | Crear | Villager (Male) |
| 2:13 | Construir | Lumber Camp |
| 2:17 | Crear | Villager (Male) |
| 2:18 | Crear | Villager (Male) |
| 2:46 | Crear | Villager (Male) |
| 2:46 | Crear | Villager (Male) |
| 3:04 | Crear | Villager (Male) |
| 3:05 | Crear | Villager (Male) |
| 3:08 | Construir | House |
| 3:30 | Construir | House |
| 3:35 | Crear | Villager (Male) |
| 3:35 | Crear | Villager (Male) |
| 3:35 | Crear | Villager (Male) |
| 3:47 | Crear | Villager (Male) |
| 3:48 | Crear | Villager (Male) |
| 4:15 | Crear | Villager (Male) |
| 4:16 | Crear | Villager (Male) |
| 4:38 | Construir | Palisade Gate |
| 4:49 | Construir | Palisade Gate |
| 4:59 | Construir | Palisade Gate |
| 5:11 | Construir | Palisade Gate |
| 5:21 | Crear | Villager (Male) |
| 5:22 | Crear | Villager (Male) |
| 5:22 | Crear | Villager (Male) |
| 6:19 | Crear | Villager (Male) |
| 6:19 | Crear | Villager (Male) |
| 6:27 | Construir | Mill |
| 6:39 | Crear | Villager (Male) |
| 6:39 | Crear | Villager (Male) |
| 7:01 | Crear | Villager (Male) |
| 7:34 | Construir | Farm |
| 7:36 | Construir | Farm |
| 7:53 | Construir | Farm |
| 7:59 | Construir | House |
| 8:29 | Crear | Villager (Male) |
| 9:01 | Construir | Mining Camp |
| 9:05 | Crear | Villager (Male) |
| 9:05 | Crear | Villager (Male) |
| 9:34 | Crear | Villager (Male) |
| 9:34 | Crear | Villager (Male) |
| 9:50 | Construir | Farm |
| 9:52 | Construir | Farm |
| 9:54 | Construir | Farm |
| 10:23 | Construir | Farm |
| 10:43 | Investigar | Feudal Age |
| 10:47 | Construir | Farm |
| 10:51 | Construir | Farm |
| 10:57 | Construir | Farm |
| 12:06 | Construir | House |
| 12:22 | Crear | Villager (Male) |
| 12:23 | Crear | Villager (Male) |
| 12:56 | Edad | Edad Feudal |
| 12:58 | Construir | Blacksmith |
| 12:59 | Crear | Villager (Male) |
| 13:05 | Construir | Market |
| 13:13 | Investigar | Double-Bit Axe |
| 13:51 | Investigar | Castle Age |
| 13:51 | Investigar | Castle Age |
| 13:56 | Investigar | Horse Collar |
| 15:30 | Construir | Farm |
| 15:35 | Construir | Farm |
| 16:02 | Construir | House |
| 16:27 | Crear | Villager (Male) |
| 16:31 | Edad | Edad de los Castillos |
| 16:34 | Construir | Siege Workshop |
| 16:38 | Construir | Farm |
| 16:53 | Construir | Monastery |
| 17:00 | Crear | Villager (Male) |
| 17:36 | Construir | House |
| 17:42 | Construir | Farm |
| 17:42 | Investigar | Imperial Age |
| 17:43 | Investigar | Imperial Age |
| 17:43 | Investigar | Imperial Age |
| 18:32 | Investigar | Bow Saw |
| 19:02 | Construir | Siege Workshop |
| 19:22 | Construir | Siege Workshop |
| 19:33 | Investigar | Loom |
| 19:35 | Crear | Villager (Male) |
| 19:37 | Investigar | Gold Mining |
| 19:37 | Investigar | Gold Mining |
| 20:21 | Construir | Barracks |
| 20:28 | Crear | Villager (Male) |
| 20:52 | Edad | Edad Imperial |
| 20:56 | Crear | Bombard Cannon |
| 20:56 | Crear | Bombard Cannon |
| 21:29 | Construir | Archery Range |
| 21:35 | Crear | Villager (Male) |
| 22:05 | Crear | Bombard Cannon |
| 22:06 | Crear | Bombard Cannon |
| 22:07 | Crear | Villager (Male) |
| 22:08 | Crear | Villager (Male) |
| 22:52 | Construir | Archery Range |
| 22:53 | Crear | Villager (Male) |
| 22:53 | Crear | Villager (Male) |
| 22:55 | Crear | Cavalry Archer |
| 22:55 | Crear | Cavalry Archer |
| 22:59 | Crear | Hand Cannoneer |
| 22:59 | Crear | Hand Cannoneer |
| 23:38 | Crear | Hand Cannoneer |
| 23:41 | Crear | Villager (Male) |
| 23:49 | Construir | Mining Camp |
| 23:51 | Crear | Hand Cannoneer |
| 23:52 | Crear | Hand Cannoneer |
| 24:37 | Crear | Hand Cannoneer |
| 24:38 | Crear | Hand Cannoneer |
| 24:38 | Crear | Hand Cannoneer |
| 25:07 | Construir | House |
| 25:09 | Investigar | Wheelbarrow |
| 25:16 | Construir | Archery Range |
| 25:19 | Construir | Archery Range |
| 25:26 | Construir | Town Center |
| 25:37 | Construir | House |
| 25:59 | Construir | Lumber Camp |
| 26:01 | Crear | Hand Cannoneer |
| 26:01 | Crear | Hand Cannoneer |
| 26:06 | Crear | Hand Cannoneer |
| 26:06 | Crear | Hand Cannoneer |
| 26:17 | Crear | Hand Cannoneer |
| 26:17 | Crear | Hand Cannoneer |
| 26:22 | Construir | Archery Range |
| 26:25 | Crear | Villager (Male) |
| 26:26 | Crear | Villager (Male) |
| 26:32 | Construir | Farm |
| 26:34 | Construir | Farm |
| 26:40 | Construir | Farm |
| 26:41 | Construir | Farm |
| 26:45 | Construir | Farm |
| 26:47 | Crear | Villager (Male) |
| 27:18 | Construir | Farm |
| 27:34 | Crear | Villager (Male) |
| 27:35 | Crear | Villager (Male) |
| 27:42 | Crear | Hand Cannoneer |
| 27:42 | Crear | Hand Cannoneer |
| 27:55 | Crear | Villager (Male) |
| 27:58 | Construir | House |
| 28:02 | Construir | Mining Camp |
| 28:07 | Construir | House |
| 28:08 | Construir | House |
| 28:08 | Construir | House |
Build order — PSX | DIBU MARTINEZ
Primeras 150 de 252 acciones detectadas
| 0:03 | Construir | House |
| 0:04 | Construir | House |
| 0:11 | Crear | Villager (Male) |
| 0:11 | Crear | Villager (Male) |
| 0:14 | Crear | Villager (Male) |
| 0:21 | Crear | Villager (Male) |
| 0:22 | Crear | Villager (Male) |
| 0:22 | Crear | Villager (Male) |
| 1:20 | Crear | Villager (Male) |
| 1:21 | Crear | Villager (Male) |
| 2:06 | Crear | Villager (Male) |
| 2:18 | Construir | Lumber Camp |
| 2:32 | Crear | Villager (Male) |
| 2:32 | Crear | Villager (Male) |
| 2:48 | Crear | Villager (Male) |
| 2:48 | Crear | Villager (Male) |
| 3:19 | Crear | Villager (Male) |
| 3:42 | Crear | Villager (Male) |
| 3:42 | Crear | Villager (Male) |
| 4:01 | Construir | House |
| 4:15 | Crear | Villager (Male) |
| 4:22 | Construir | House |
| 4:57 | Crear | Villager (Male) |
| 5:15 | Crear | Villager (Male) |
| 5:16 | Crear | Villager (Male) |
| 5:49 | Construir | Mill |
| 6:28 | Crear | Villager (Male) |
| 6:28 | Crear | Villager (Male) |
| 6:29 | Crear | Villager (Male) |
| 7:24 | Crear | Villager (Male) |
| 7:45 | Construir | Mining Camp |
| 7:52 | Crear | Villager (Male) |
| 8:06 | Investigar | Feudal Age |
| 8:58 | Construir | Farm |
| 9:06 | Construir | Farm |
| 9:33 | Construir | Mill |
| 10:31 | Edad | Edad Feudal |
| 10:37 | Construir | Market |
| 10:51 | Crear | Villager (Male) |
| 11:06 | Construir | Blacksmith |
| 11:14 | Crear | Villager (Male) |
| 11:56 | Investigar | Castle Age |
| 11:56 | Investigar | Castle Age |
| 12:47 | Construir | Farm |
| 12:48 | Construir | Farm |
| 12:53 | Construir | Farm |
| 12:56 | Construir | Farm |
| 12:58 | Investigar | Double-Bit Axe |
| 14:21 | Edad | Edad de los Castillos |
| 14:28 | Construir | Town Center |
| 14:34 | Crear | Villager (Male) |
| 14:34 | Crear | Villager (Male) |
| 14:38 | Construir | House |
| 14:46 | Construir | House |
| 14:48 | Construir | House |
| 14:51 | Investigar | Horse Collar |
| 14:57 | Investigar | Bow Saw |
| 14:58 | Crear | Villager (Male) |
| 15:34 | Crear | Villager (Male) |
| 16:04 | Construir | Town Center |
| 16:05 | Crear | Villager (Male) |
| 16:13 | Crear | Villager (Male) |
| 16:26 | Crear | Villager (Male) |
| 16:34 | Construir | Farm |
| 16:35 | Construir | Farm |
| 16:37 | Construir | Farm |
| 16:42 | Crear | Villager (Male) |
| 16:42 | Crear | Villager (Male) |
| 16:56 | Construir | Farm |
| 16:57 | Crear | Villager (Male) |
| 17:19 | Crear | Villager (Male) |
| 17:20 | Crear | Villager (Male) |
| 17:22 | Construir | Farm |
| 17:22 | Construir | Farm |
| 17:22 | Construir | Farm |
| 17:39 | Crear | Villager (Male) |
| 17:42 | Construir | Farm |
| 17:45 | Construir | Farm |
| 17:46 | Crear | Villager (Male) |
| 17:46 | Crear | Villager (Male) |
| 17:52 | Construir | Farm |
| 17:59 | Construir | Farm |
| 18:15 | Crear | Villager (Male) |
| 18:16 | Crear | Villager (Male) |
| 18:20 | Construir | Farm |
| 18:20 | Construir | Farm |
| 18:21 | Construir | Farm |
| 18:22 | Crear | Villager (Male) |
| 18:33 | Crear | Villager (Male) |
| 18:44 | Construir | Barracks |
| 18:45 | Crear | Villager (Male) |
| 18:55 | Crear | Villager (Male) |
| 19:08 | Construir | Farm |
| 19:09 | Crear | Villager (Male) |
| 19:12 | Crear | Villager (Male) |
| 19:20 | Crear | Villager (Male) |
| 19:29 | Construir | Stable |
| 19:30 | Crear | Villager (Male) |
| 19:37 | Crear | Villager (Male) |
| 19:39 | Crear | Villager (Male) |
| 19:45 | Construir | House |
| 19:47 | Construir | House |
| 19:53 | Construir | House |
| 19:54 | Construir | House |
| 20:01 | Investigar | Wheelbarrow |
| 20:02 | Crear | Villager (Male) |
| 20:03 | Crear | Villager (Male) |
| 20:15 | Construir | Farm |
| 20:16 | Construir | Farm |
| 20:16 | Construir | Farm |
| 20:16 | Construir | Farm |
| 20:16 | Construir | Farm |
| 20:17 | Construir | Farm |
| 20:18 | Crear | Villager (Male) |
| 20:24 | Crear | Villager (Male) |
| 20:24 | Crear | Villager (Male) |
| 20:34 | Construir | Stable |
| 20:43 | Crear | Villager (Male) |
| 20:52 | Crear | Villager (Male) |
| 20:57 | Crear | Knight |
| 20:57 | Crear | Knight |
| 20:59 | Crear | Villager (Male) |
| 21:03 | Construir | Farm |
| 21:03 | Construir | Farm |
| 21:04 | Construir | Farm |
| 21:04 | Construir | Farm |
| 21:04 | Construir | Farm |
| 21:30 | Crear | Knight |
| 21:33 | Construir | Farm |
| 21:35 | Crear | Villager (Male) |
| 21:35 | Crear | Villager (Male) |
| 21:37 | Investigar | Gold Mining |
| 21:45 | Crear | Villager (Male) |
| 21:46 | Crear | Villager (Male) |
| 21:47 | Construir | Stable |
| 21:52 | Crear | Villager (Male) |
| 22:01 | Investigar | Light Cavalry (upgrade) |
| 22:02 | Investigar | Bloodlines |
| 22:05 | Crear | Villager (Male) |
| 22:09 | Construir | Stable |
| 22:16 | Crear | Villager (Male) |
| 22:16 | Crear | Villager (Male) |
| 22:22 | Construir | Farm |
| 22:31 | Crear | Villager (Male) |
| 22:37 | Investigar | Heavy Plow |
| 22:39 | Investigar | Loom |
| 22:40 | Crear | Villager (Male) |
| 22:47 | Construir | Farm |
| 22:50 | Construir | Farm |
| 22:56 | Construir | Farm |
Cronología de la partida
| 1:01 | wR.Prisma · wall_segment Palisade Wall x4 |
| 1:02 | wR.Prisma · wall_segment Palisade Wall x2 |
| 1:25 | wR.Prisma · wall_segment Palisade Wall x4 |
| 1:25 | PSX | Enzo Fernandez · wall_segment Palisade Wall x1 |
| 1:28 | PSX | Enzo Fernandez · wall_segment Palisade Wall x1 |
| 1:30 | PSX | Enzo Fernandez · wall_segment Palisade Wall x1 |
| 1:33 | PSX | Enzo Fernandez · wall_segment Palisade Wall x1 |
| 1:34 | PSX | Enzo Fernandez · wall_segment Palisade Wall x1 |
| 1:37 | PSX | Enzo Fernandez · wall_segment Palisade Wall x1 |
| 1:40 | PSX | Enzo Fernandez · wall_segment Palisade Wall x1 |
| 1:44 | PSX | Enzo Fernandez · wall_segment Palisade Wall x1 |
| 1:45 | wR.Prisma · wall_segment Palisade Wall x1 |
| 1:48 | PSX | Enzo Fernandez · wall_segment Palisade Wall x1 |
| 1:52 | PSX | Enzo Fernandez · wall_segment Palisade Wall x1 |
| 1:57 | PSX | Enzo Fernandez · wall_segment Palisade Wall x1 |
| 2:02 | PSX | Enzo Fernandez · wall_segment Palisade Wall x1 |
| 4:46 | Mau5 · wall_segment Palisade Wall x1 |
| 4:48 | Mau5 · wall_segment Palisade Wall x1 |
| 4:49 | Mau5 · wall_segment Palisade Wall x1 |
| 4:53 | Mau5 · wall_segment Palisade Wall x1 |
| 5:10 | Mau5 · wall_segment Palisade Wall x1 |
| 5:13 | Mau5 · wall_segment Palisade Wall x1 |
| 5:19 | Mau5 · wall_segment Palisade Wall x1 |
| 7:59 | RogerRamjet · first_building Barracks |
| 8:54 | RogerRamjet · age_up feudal |
| 9:16 | RogerRamjet · first_building Archery Range |
| 9:43 | DS_Uruguayo · age_up feudal |
| 9:57 | Mau5 · wall_segment Palisade Wall x1 |
| 9:59 | Mau5 · wall_segment Palisade Wall x1 |
| 10:02 | Mau5 · wall_segment Palisade Wall x1 |
| 10:25 | PSX | Enzo Fernandez · age_up feudal |
| 10:31 | PSX | DIBU MARTINEZ · age_up feudal |
| 10:43 | DS_Uruguayo · tribute_sent a jugador 1 |
| 10:43 | DS_Uruguayo · tribute_sent a jugador 2 |
| 10:43 | DS_Uruguayo · tribute_sent a jugador 3 |
| 10:43 | DS_Uruguayo · tribute_sent a jugador 5 |
| 10:43 | DS_Uruguayo · tribute_sent a jugador 6 |
| 10:43 | DS_Uruguayo · tribute_sent a jugador 7 |
| 10:43 | DS_Uruguayo · tribute_sent a jugador 8 |
| 11:01 | wR.Prisma · age_up feudal |
| 11:04 | Failey · age_up feudal |
| 11:10 | PSX | Enzo Fernandez · wall_segment Palisade Wall x1 |
| 11:10 | PSX | Enzo Fernandez · wall_segment Palisade Wall x1 |
| 11:53 | Mau5 · age_up feudal |
| 11:53 | PSX | DIBU MARTINEZ · first_market_sell 100 wood |
| 11:55 | PSX | DIBU MARTINEZ · first_market_buy 100 food |
| 12:12 | PSX | Enzo Fernandez · first_market_buy 100 food |
| 12:12 | PSX | Enzo Fernandez · first_market_sell 100 wood |
| 12:47 | PSX | Enzo Fernandez · wall_segment Stone Wall x2 |
| 12:56 | Bloodyhk · age_up feudal |
| 13:33 | DS_Uruguayo · tribute_sent a jugador 1 |
| 13:33 | DS_Uruguayo · tribute_sent a jugador 2 |
| 13:33 | DS_Uruguayo · tribute_sent a jugador 3 |
| 13:33 | DS_Uruguayo · tribute_sent a jugador 5 |
| 13:34 | DS_Uruguayo · tribute_sent a jugador 6 |
| 13:34 | DS_Uruguayo · tribute_sent a jugador 7 |
| 13:34 | DS_Uruguayo · tribute_sent a jugador 8 |
| 14:21 | PSX | DIBU MARTINEZ · age_up castle |
| 14:31 | wR.Prisma · age_up castle |
| 14:38 | Failey · age_up castle |
| 14:43 | Failey · first_building Monastery |
| 14:44 | wR.Prisma · first_building Castle |
| 14:52 | Failey · first_building Siege Workshop |
| 14:54 | PSX | Enzo Fernandez · age_up castle |
| 14:55 | DS_Uruguayo · tribute_sent a jugador 1 |
| 14:55 | DS_Uruguayo · tribute_sent a jugador 2 |
| 14:55 | DS_Uruguayo · tribute_sent a jugador 3 |
| 14:55 | DS_Uruguayo · tribute_sent a jugador 5 |
| 14:55 | DS_Uruguayo · tribute_sent a jugador 6 |
| 14:55 | DS_Uruguayo · tribute_sent a jugador 7 |
| 14:55 | DS_Uruguayo · tribute_sent a jugador 8 |
| 14:59 | PSX | Enzo Fernandez · first_building Castle |
| 15:27 | Mau5 · age_up castle |
| 15:33 | Failey · wall_segment Palisade Wall x1 |
| 15:34 | Failey · wall_segment Palisade Wall x1 |
| 15:35 | Failey · wall_segment Palisade Wall x1 |
| 15:42 | Mau5 · first_building Monastery |
| 16:07 | wR.Prisma · first_building Monastery |
| 16:14 | Mau5 · first_building Siege Workshop |
| 16:31 | Bloodyhk · age_up castle |
| 16:34 | Bloodyhk · first_building Siege Workshop |
| 16:45 | DS_Uruguayo · tribute_sent a jugador 1 |
| 16:45 | DS_Uruguayo · tribute_sent a jugador 2 |
| 16:45 | DS_Uruguayo · tribute_sent a jugador 3 |
| 16:45 | DS_Uruguayo · tribute_sent a jugador 5 |
| 16:45 | DS_Uruguayo · tribute_sent a jugador 6 |
| 16:45 | DS_Uruguayo · tribute_sent a jugador 7 |
| 16:45 | DS_Uruguayo · tribute_sent a jugador 8 |
| 16:53 | Bloodyhk · first_building Monastery |
| 17:26 | Bloodyhk · first_market_sell 100 wood |
| 17:40 | DS_Uruguayo · tribute_sent a jugador 1 |
| 17:40 | DS_Uruguayo · tribute_sent a jugador 2 |
| 17:40 | DS_Uruguayo · tribute_sent a jugador 3 |
| 17:40 | DS_Uruguayo · tribute_sent a jugador 5 |
| 17:40 | DS_Uruguayo · tribute_sent a jugador 6 |
| 17:40 | DS_Uruguayo · tribute_sent a jugador 7 |
| 17:40 | DS_Uruguayo · tribute_sent a jugador 8 |
| 18:14 | wR.Prisma · first_building Siege Workshop |
| 18:18 | Bloodyhk · first_market_buy 100 wood |
| 18:40 | PSX | Enzo Fernandez · first_building Monastery |
| 18:44 | PSX | DIBU MARTINEZ · first_building Barracks |
| 18:44 | DS_Uruguayo · tribute_sent a jugador 1 |
| 18:44 | DS_Uruguayo · tribute_sent a jugador 2 |
| 18:44 | DS_Uruguayo · tribute_sent a jugador 3 |
| 18:44 | DS_Uruguayo · tribute_sent a jugador 5 |
| 18:44 | DS_Uruguayo · tribute_sent a jugador 6 |
| 18:44 | DS_Uruguayo · tribute_sent a jugador 7 |
| 18:44 | DS_Uruguayo · tribute_sent a jugador 8 |
| 18:49 | Failey · first_building Barracks |
| 18:49 | RogerRamjet · first_building Stable |
| 18:50 | PSX | Enzo Fernandez · first_building Siege Workshop |
| 19:29 | PSX | DIBU MARTINEZ · first_building Stable |
| 19:51 | DS_Uruguayo · tribute_sent a jugador 1 |
| 19:51 | DS_Uruguayo · tribute_sent a jugador 2 |
| 19:51 | DS_Uruguayo · tribute_sent a jugador 3 |
| 19:51 | DS_Uruguayo · tribute_sent a jugador 5 |
| 19:51 | DS_Uruguayo · tribute_sent a jugador 6 |
| 19:51 | DS_Uruguayo · tribute_sent a jugador 7 |
| 19:51 | DS_Uruguayo · tribute_sent a jugador 8 |
| 19:54 | wR.Prisma · first_building Barracks |
| 19:59 | Failey · first_market_sell 100 stone |
| 20:00 | Failey · first_market_buy 100 wood |
| 20:21 | Bloodyhk · first_building Barracks |
| 20:42 | Mau5 · first_market_buy 100 food |
| 20:45 | DS_Uruguayo · tribute_sent a jugador 1 |
| 20:45 | DS_Uruguayo · tribute_sent a jugador 2 |
| 20:45 | DS_Uruguayo · tribute_sent a jugador 3 |
| 20:45 | DS_Uruguayo · tribute_sent a jugador 5 |
| 20:45 | DS_Uruguayo · tribute_sent a jugador 6 |
| 20:45 | DS_Uruguayo · tribute_sent a jugador 7 |
| 20:45 | DS_Uruguayo · tribute_sent a jugador 8 |
| 20:48 | Mau5 · first_market_sell 100 wood |
| 20:52 | Bloodyhk · age_up imperial |
| 21:16 | Mau5 · first_building Castle |
| 21:18 | RogerRamjet · first_market_buy 100 food |
| 21:29 | Bloodyhk · first_building Archery Range |
| 21:44 | wR.Prisma · first_building Stable |
| 22:09 | DS_Uruguayo · tribute_sent a jugador 1 |
| 22:09 | DS_Uruguayo · tribute_sent a jugador 2 |
| 22:09 | DS_Uruguayo · tribute_sent a jugador 3 |
| 22:09 | DS_Uruguayo · tribute_sent a jugador 5 |
| 22:09 | DS_Uruguayo · tribute_sent a jugador 6 |
| 22:09 | DS_Uruguayo · tribute_sent a jugador 7 |
| 22:09 | DS_Uruguayo · tribute_sent a jugador 8 |
| 23:10 | DS_Uruguayo · tribute_sent a jugador 1 |
| 23:10 | DS_Uruguayo · tribute_sent a jugador 2 |
| 23:10 | DS_Uruguayo · tribute_sent a jugador 3 |
| 23:10 | DS_Uruguayo · tribute_sent a jugador 5 |
| 23:10 | DS_Uruguayo · tribute_sent a jugador 6 |
| 23:10 | DS_Uruguayo · tribute_sent a jugador 7 |
| 23:10 | DS_Uruguayo · tribute_sent a jugador 8 |
| 24:09 | Mau5 · age_up imperial |
| 24:16 | RogerRamjet · age_up castle |
| 24:57 | RogerRamjet · first_building Castle |
| 24:58 | PSX | DIBU MARTINEZ · first_building Monastery |
| 25:32 | DS_Uruguayo · tribute_sent a jugador 1 |
| 25:32 | DS_Uruguayo · tribute_sent a jugador 2 |
| 25:32 | DS_Uruguayo · tribute_sent a jugador 3 |
| 25:32 | DS_Uruguayo · tribute_sent a jugador 5 |
| 25:32 | DS_Uruguayo · tribute_sent a jugador 6 |
| 25:32 | DS_Uruguayo · tribute_sent a jugador 7 |
| 25:32 | DS_Uruguayo · tribute_sent a jugador 8 |
| 25:52 | RogerRamjet · first_market_sell 100 food |
| 27:37 | DS_Uruguayo · tribute_sent a jugador 1 |
| 27:37 | DS_Uruguayo · tribute_sent a jugador 2 |
| 27:37 | DS_Uruguayo · tribute_sent a jugador 3 |
| 27:37 | DS_Uruguayo · tribute_sent a jugador 5 |
| 27:37 | DS_Uruguayo · tribute_sent a jugador 6 |
| 27:37 | DS_Uruguayo · tribute_sent a jugador 7 |
| 27:37 | DS_Uruguayo · tribute_sent a jugador 8 |
| 28:23 | PSX | Enzo Fernandez · age_up imperial |
| 28:45 | DS_Uruguayo · first_market_sell 100 food |
| 28:46 | DS_Uruguayo · first_market_buy 100 stone |
| 28:58 | wR.Prisma · age_up imperial |
| 29:33 | Failey · resign |
[ ANÁLISIS IA · 1 CRÉDITO ]
¿Qué pasó realmente en esta partida?
Wolo.gg analiza cada decisión: build order, eco, micro, errores típicos por bracket. Análisis personalizado por WhatsApp o Discord en 30 segundos.
Guía civ
Portugueses
Perfil
PSX | Enzo Fernandez